 Dungeon Crawl Stone Soup version 0.25.1-2-g60ff931df9 (webtiles) character file.

Game seed: 10064378802607732247

53 DildoBatman the Magician (level 4, -3/30 HPs)
             Began as a Formicid Wizard on Sept 13, 2020.
             Slain by a howler monkey (4 damage)
             ... on level 4 of the Dungeon.
             The game lasted 00:03:03 (1645 turns).

DildoBatman the Magician (Formicid Wizard)          Turns: 1645, Time: 00:03:04

Health: -3/30      AC:  2    Str: 12    XL:     4   Next: 10%
Magic:  8/8        EV: 12    Int: 18    God:
Gold:   135        SH:  0    Dex:  9    Spells: 8/9 levels left

rFire    . . .     SeeInvis +   a - +2 short sword (drain)
rCold    . . .     Gourm    .   (no shield)
rNeg     . . .     Faith    .   k - +0 robe
rPois    .         Spirit   .   (helmet unavailable)
rElec    .         Reflect  .   (no cloak)
rCorr    .         Harm     .   (no gloves)
MR       .....                  (no boots)
Stlth    ++........             (no amulet)
HPRegen  0.10/turn              (no ring)
MPRegen  0.11/turn              (no ring)

@: no status effects
A: permanent stasis, dig shafts and tunnels, four strong arms, antennae 3
a: Dig, Shaft Self


You were on level 4 of the Dungeon.
You were hungry.

You visited 1 branch of the dungeon, and saw 3 of its levels.

You collected 135 gold pieces.

Inventory:

Hand Weapons
 a - a +2 short sword of draining (weapon)
 b - a +2 short sword of electrocution
Missiles
 d - 4 boomerangs (quivered)
 e - 30 arrows
 h - 59 stones
 l - 22 bolts
 n - 5 atropa-tipped darts
Armour
 k - a +0 robe (worn)
Scrolls
 c - a scroll of enchant weapon {unknown}
 f - a scroll of blinking {unknown}
 p - a scroll of teleportation {unknown}
 q - a scroll of remove curse {unknown}
Potions
 g - a potion of curing {unknown}
 i - a potion of flight {unknown}
 m - a potion of lignification {unknown}
 o - a potion of mutation {unknown}
Comestibles
 j - 2 chunks of flesh
 v - 6 rations


   Skills:
 - Level 1.7 Dodging
 - Level 2.4 Stealth
 - Level 3.2 Spellcasting
 * Level 3.2 Conjurations
   Level 1.0 Summonings
   Level 0.8 Translocations


You had 8 spell levels left.
You knew the following spells:

 Your Spells              Type           Power        Failure   Level  Hunger
c - Magic Dart            Conj           ##..         4%          1    None

Your spell library contained the following spells:

 Spells                   Type           Power        Failure   Level  Hunger
 Call Imp                 Summ           #.......     16%         2    ##.....
 Slow                     Hex            #.......     24%         2    ##.....
 Conjure Flame            Conj/Fire      #.......     24%         3    ###....
 Mephitic Cloud           Conj/Pois/Air  #.......     30%         3    ###....
 Blink                    Tloc           Unusable     N/A         2    N/A

Dungeon Overview and Level Annotations

Branches:
Dungeon (2/15)

Altars:
Cheibriados
Elyvilon
Okawaru
Qazlal
Ru
The Shining One

Annotations:
D:2 exclusion: air elemental


Innate Abilities, Weirdness & Mutations

You cannot be hasted, slowed, berserked, paralysed or teleported.
You can dig through walls and to a lower floor.
Your four strong arms can wield two-handed weapons with a shield.
You have a pair of large antennae on your head. (SInv)


Message History

Anything else - Cancel.
You shout for attention!
The jackal bites you. The jackal closely misses you.
The howler monkey hits you. The centaur skeleton barely misses you.
The jackal bites you. x2
The howler monkey barely misses you.
Some of the chunks of flesh in your inventory have rotted away.
What are your orders? t - Shout!
Orders for allies: a - Attack new target. r - Retreat! s - Stop attacking. g - Guard the area. f - Follow me.
Anything else - Cancel.
You shout for attention!
The centaur skeleton hits you. The jackal barely misses you. x2
The howler monkey hits you.
You die...

.......... {
.........
.........
.........
#### #...w..
..... #Z...
....<.#hh##
......Z@h.#
##........$#
#...o...8(#
...........#
..........##
....##...##
.... ###..
... ..


You could see a worm, a howler monkey, an orc, 2 jackals, a bullfrog skeleton
and a centaur skeleton.

Vanquished Creatures
  2 adders (D:2)
  2 dart slugs
  3 leopard geckos (D:2)
  2 bats (D:2)
  4 goblins
  2 hobgoblins
  4 jackals (D:2)
  A quokka (D:2)
  A frilled lizard (D:2)
  4 kobolds
  A rat (D:1)
26 creatures vanquished.

Notes
Turn   | Place    | Note
-------+----------+-------------------------------------------
     0 | D:1      | DildoBatman the Formicid Wizard began the quest for the
                  | Orb.
     0 | D:1      | Reached XP level 1. HP: 13/13 MP: 4/4
    50 | D:1      | Reached skill level 1 in Conjurations
   488 | D:1      | Reached XP level 2. HP: 19/19 MP: 3/6
   903 | D:2      | Reached XP level 3. HP: 18/24 MP: 1/7
  1119 | D:2      | Found a glowing golden altar of the Shining One.
  1176 | D:2      | Found a stormy altar of Qazlal.
  1182 | D:2      | Noticed an air elemental
  1185 | D:2      | Noticed an earth elemental
  1198 | D:2      | Noticed a water elemental
  1199 | D:2      | Noticed a fire elemental
  1290 | D:2      | Found a white marble altar of Elyvilon.
  1291 | D:2      | Found a sacrificial altar of Ru.
  1291 | D:2      | Found a snail-covered altar of Cheibriados.
  1399 | D:2      | Reached XP level 4. HP: 23/30 MP: 2/8
  1563 | D:2      | Found an iron altar of Okawaru.
  1634 | D:2      | You fall into a shaft and drop 2 floors!
  1645 | D:4      | HP: 1/30 [centaur skeleton (5)]
  1645 | D:4      | Slain by a howler monkey

Illustrated notes

Levels and vault maps discovered:
D:1:      dpeg_arrival_arbitrary_b, layout_loops_ring, serial_bayou_pond_e
D:2:      minmay_wonky_spiral, layout_loops_ring,
          nicolae_qazlal_style_of_elements, overflow_temple_1_default,
          nicolae_overflow_quartered_altars
D:4:      layout_basic, minmay_temple_entry_slanted, first_ration,
          mrwooster_statue_mirror, wad_orctagon, uniq_ijyb

Skill      XL: |  1  2  3 |
---------------+----------+-----
Conjurations   | 1 2 3 |  3.2
Dodging        | |  1.7
Stealth        | |  2.4
Spellcasting   | |  3.2
Summonings     | |  1.0
Translocations | |  0.8

Action                   |  1- 3 |  4- 6 || total
-------------------------+-------+-------++-------
Melee: Unarmed           |     5 |       ||     5
       Short sword       |    35 |     1 ||    36
Throw: Boomerang         |     8 |       ||     8
 Cast: Magic Dart        |    41 |     7 ||    48
 Abil: Dig               |     1 |       ||     1
       Shaft Self        |       |     1 ||     1
 Stab: Sleeping          |     1 |       ||     1
  Eat: Chunk             |     2 |       ||     2
Armor: Robe              |     8 |    10 ||    18
Dodge: Dodged            |    51 |    21 ||    72
